 Dungeon Crawl Stone Soup version 0.32-a0-17-gb74e046682 (webtiles) character file.

Game seed: 852062476543698760

86 cforsyth the Changeling (level 4, -3/45 HPs)
             Began as an Oni Shapeshifter on Jan 15, 2024.
             Slain by Sigmund
             ... wielding a +0 scythe
              (4 damage)
             ... on level 3 of the Dungeon.
             The game lasted 00:02:06 (1486 turns).

cforsyth the Changeling (Oni Shapeshifter)          Turns: 1486, Time: 00:02:07

Health: -3/45      AC:  3    Str: 20    XL:     4   Next: 50%
Magic:  4/4        EV:  9    Int: 11    God:
Gold:   98         SH:  0    Dex:  8    Spells: 3/3 levels left

rFire   . .          .
                       - Unarmed
rCold   + . .        (no shield)
rNeg    . . .        a - +0 animal skin
rPois   .            (helmet currently unavailable)
rElec   .            (cloak currently unavailable)
rCorr   .            (gloves unavailable)
SInv    .            (boots unavailable)
Will    .....        (no amulet)
Stlth   +            j - ring of protection from cold
HPRegen 0.27/turn    (no ring)
MPRegen 0.09/turn

%: no passive effects
@: beast-form, hasted, very quick
A: beast (slay +2), large, unfitting armour, horns 1, tough skin 1, double
potion healing, drunken brawling
a: Begin Untransformation


You were on level 3 of the Dungeon.
You were a hulking beast.
You visited 1 branch of the dungeon, and saw 3 of its levels.

You collected 98 gold pieces.

Inventory:

Armour
 a - a +0 animal skin (worn)
Jewellery
 j - a ring of protection from cold (left hand)
Talismans
 c - a beast talisman
 d - a flux talisman
Scrolls
 e - a scroll of teleportation {unknown}
 f - a scroll of identify {unknown}
 h - a scroll of enchant armour {unknown}
 i - a scroll of fear {unknown}
 k - a scroll of poison {unknown}
Potions
 b - a potion of lignification
 g - a potion of heal wounds {unknown}
 l - a potion of degeneration {unknown}
 n - a potion of curing {unknown}


   Skills:
 + Level 3.4 Fighting
 - Level 1.7 Dodging
 + Level 3.4 Unarmed Combat
 + Level 3.6 Shapeshifting


You had 3 spell levels left.
You didn't know any spells.
Your spell library contained the following spells:

 Spells                   Type           Power      Damage    Failure   Level
 Apportation              Tloc           0%         N/A       34%         1
 Necrotise                Necr           0%         1d4       34%         1
 Sting                    Conj/Alch      0%         1d3       34%         1
 Summon Small Mammal      Summ           0%         N/A       34%         1
 Ensorcelled Hibernation  Hex/Ice        0%         N/A       47%         2
 Passwall                 Erth           0%         N/A       71%         3
 Swiftness                Air            0%         N/A       71%         3


Dungeon Overview and Level Annotations

Branches:
Dungeon (3/15)

Altars:

Shops:
D:2 !!*=[

Annotations:
D:3 Sigmund


Innate Abilities, Weirdness & Mutations

You are a hulking beast.
Your limbs bulge with bestial killing power. (Slay +2)
You are too large for most types of armour.
You have a pair of small horns on your head.
You have tough skin. (AC +1)
You gain doubled healing and magic from potions.
Whenever you drink a healing potion, you attack all around you.


Message History

The rat attacks as it pursues you! The rat bites you but does no damage.
The rat bites you. Something hits you.
You closely miss the rat. You punch the rat, but do no damage.
The rat bites you.
You barely miss the rat. You headbutt the rat.
The rat is moderately wounded.
The rat closely misses you. Something hits you!
You completely miss the rat.
The rat is moderately wounded.
The rat bites you but does no damage.
You hit the rat but do no damage. You headbutt the rat.
You kill the rat!
Something hits you.
No target in view!
No target in view!
No target in view!
No target in view!
No target in view!
No target in view!
No target in view!
Something hits you.
There is an open door, spattered with blood here.
You see here a rat corpse.
You hit something. You hit something. Something hits you!
You barely miss something. Your punch misses something. Something hits you.
* * * LOW HITPOINT WARNING * * *
You hit something. Your headbutt misses something. You hit something.
Something hits you.
* * * LOW HITPOINT WARNING * * *
You punch something! You closely miss something. Something hits you.
* * * LOW HITPOINT WARNING * * *
You hit something. Your headbutt misses something.
You hear some strange, mumbled words.
A puff of flame appears from out of thin air!
The puff of flame hits you!
* * * LOW HITPOINT WARNING * * *
It was a potion of haste.
You feel yourself speed up. Something hits you.
You die...

### ### #.# #.# #<#
#.# #.# #.#
#.#########.# #######
#...........#
#.....#############.#
#....{h..........##.#
#.....########.####.#
+.....+ #.# #.#
#.....# #.# #.#
........ #.####.#
......... #......#
......... ########
.....#+


There were no monsters in sight!

Vanquished Creatures
  5 adders (D:2)
  A dart slug (D:1)
  4 ball pythons (D:2)
  4 endoplasms (D:2)
  3 giant cockroaches
  A goblin (D:1)
  4 hobgoblins
  A quokka (D:2)
  5 bats (D:2)
  A frilled lizard (D:1)
  3 kobolds
  9 rats
41 creatures vanquished.

Notes
Turn   | Place    | Note
-------+----------+-------------------------------------------
     0 | D:1      | cforsyth the Oni Shapeshifter began the quest for the Orb.
     0 | D:1      | Reached XP level 1. HP: 19/19 MP: 1/1
   194 | D:1      | Reached XP level 2. HP: 24/28 MP: 2/2
   596 | D:2      | Found Giucwint's General Store.
   642 | D:2      | Found Soril's Distillery.
   650 | D:2      | Reached XP level 3. HP: 32/36 MP: 3/3
   799 | D:2      | Found Lomeats's Distillery.
   878 | D:2      | Reached XP level 4. HP: 26/45 MP: 4/4
  1040 | D:2      | Found a transporter.
  1076 | D:2      | Found Depuok's Armour Boutique.
  1117 | D:2      | Found Boifoc's Jewellery Shoppe.
  1172 | D:2      | Found a transporter.
  1463 | D:3      | Noticed Sigmund
  1485 | D:3      | HP: 1/45 [something/puff of flame (8)]
  1486 | D:3      | Slain by Sigmund

Illustrated notes

Levels and vault maps discovered:
D:1:      kennysheep_arrival_forest, layout_basic, serial_glass,
          glass_columns_b, glass_columns_a, glass_columns_a, glass_columns_c,
          glass_columns_c, glass_columns_a
D:2:      layout_rooms, serial_shops, shop, shop,
          nicolae_shop_industrial_runoff, nicolae_shop_drivethru,
          nicolae_shop_tiny_statue_garden
D:3:      layout_basic, lightli_corner_chamber, uniq_sigmund

Skill      XL: |  1  2  3 |
---------------+----------+-----
Fighting       | 2 3 |  3.4
Unarmed Combat | 3 |  3.4
Dodging        | |  1.7
Shapeshifting  | |  3.6

Action                     |  1- 3 |  4- 6 || total
---------------------------+-------+-------++-------
  Melee: Unarmed           |    87 |    30 ||   117
         Headbutt          |    12 |     8 ||    20
         Punch             |       |     1 ||     1
    Use: Potion            |       |     1 ||     1
 Armour: Animal skin       |    59 |    30 ||    89
  Dodge: Dodged            |    45 |    11 ||    56

Table legend: (Time is in decaauts)
 A = Elapsed time spent in this place.
 B = Non-inter-level travel time spent in this place.
 C = Inter-level travel time spent in this place.
 D = Time resting spent in this place.
 E = Time spent auto-exploring this place.
 F = Levels seen in this place.
 G = Mean time per level.
                   A        B        C        D        E       F      G
               +--------+--------+--------+--------+--------+-----+--------+
         Total |   1478 |   1349 |    129 |      0 |   1090 |   3 |  492.7 |
       Dungeon |   1478 |   1349 |    129 |      0 |   1090 |   3 |  492.7 |
               +--------+--------+--------+--------+--------+-----+--------+

Top non-repeatable levels by time:
     D:2: 836 daAuts
     D:1: 582 daAuts
     D:3: 59 daAuts
